← All builds
Tech / Armada / Economy first / OBSERVED BUILD

Rattlesnake defence

Armada Tech (Eco) build order · Supreme Isthmus

The Tech player fields early Rattlesnake pop-up artillery from around 8:39 to hold and push the middle, well ahead of the norm, before transitioning to typical Citadel/Umbrella defence.

Usually first T2 con to Geo (77%)

#artillery #defence #t2 · 30 distinct matches · 17 players · 2% of Armada Tech games · team won 53% of 30 · Recently observed

THE CATCH, AND WHAT COMES WITH IT
  • RattlesnakeEarly defence from 8:39 · 2% of role by thenOnly 2% of Tech games have it by then; others who build it get it around 11:07

Where those units first fight, in 18 games with kill data: in the middle 100%.

Those units destroy a typical 113 metal of enemy units by 15:00.

HOW TO PLAY IT

Key timing: Rattlesnake by 8:52

  1. Open mex and wind as standard tech eco rush.
  2. Build bot lab quickly to keep pace with normal tech timeline.
  3. Finish Advanced Bot Lab on the usual fast tech schedule.
  4. Start Rattlesnake pop-up defence far earlier than tech norm.
  5. Layer anti-nuke and Basilica as the defensive line matures.

Phase by phase

TYPICAL OF ITS 30 GAMES · AGAINST STANDARD TECH
  1. 1
  2. 2
  3. 3
  4. 4
  5. 5
PLAY THE OPENING

Follow the example game's first 9:39 step by step: what to build now, what comes next, and where it goes. At 1× it keeps pace with your own game.

  1. 1

    Up to the Bot Lab

    Economy
    • Metal Extractor3Mex
    • Wind Turbine4Wind
    Order
    1. Bot LabBot Lab after 3 mex, 4 winddone ~1:16, middle half 1:09–1:24

    By 0:59 in all: 3 mex · 4 wind

    The example game in this phase · 4 steps
    1. Mex ×3
    2. Wind ×4
    3. Energy storage
    4. Bot LabBot Labdone 1:31 · typical 1:16
  2. 2

    Bot Lab to Advanced Bot Lab

    Economy
    • Metal Extractor1Mex
    • Wind Turbine9Wind
    • Energy Storage1Energy storage
    Order
    1. Advanced Bot LabAdvanced Bot Lab after 4 mex, 12 wind, 3 con turretdone ~4:21, middle half 4:07–4:33
    Builders
    • Construction Turret3 Con turret
    • Lazarus2 Lazarus
    • Construction Bot2 Con bot
    • Construction Bot1 Con bot for allies

    Some games also: converter (47%)

    By 3:23 in all: 4 mex · 12 wind · 1 energy storage · 3 con turret

    The example game in this phase · 12 steps
    1. Construction BotCon bot
    2. LazarusLazarus ×2
    3. Construction BotCon bot
    4. Mex
    5. LazarusLazarus
    6. Con turret ×2
    7. Wind ×3
    8. Con turret
    9. Wind ×3
    10. Converter ×2
    11. Wind
    12. Advanced Bot LabAdvanced Bot Labdone 4:07 · typical 4:21
  3. 3

    Advanced Bot Lab to 5:00

    Economy
    • Wind Turbine3Wind
    Builders
    • Advanced Construction Bot1 T2 con bot for allies

    Some games also: converter (37%)

    By 5:00 in all: 4 mex · 17 wind · 2 converter · 1 energy storage · 3 con turret

    The example game in this phase · 8 steps
    1. Wind ×3
    2. Advanced Construction BotT2 con botfor Air
    3. Wind
    4. Advanced Metal ExtractorT2 mexdone 5:26 · typical 5:16
    5. Wind
    6. SharpshooterSniper botfor Ponddone 4:48
    7. Wind
    8. SharpshooterSniper botfor Pond
  4. 4

    5:00 to Early defence

    Economy
    • Wind Turbine17Wind
    • Energy Converter3Converter+3 vs standard
    Order
    1. RattlesnakeEarly defence after 4 mex, 36 wind, 6 converterdone ~11:10, middle half 9:51–11:57
    Builders
    • Butler4 Butler
    • Advanced Construction Bot2 T2 con bot for allies
    • Advanced Construction Bot1 T2 con bot

    Some games also: Butler for allies (37%) · con turret (30%)

    By 8:34 in all: 4 mex · 36 wind · 6 converter (standard 4) · 1 energy storage · 3 con turret

    The example game in this phase · 14 steps
    1. Wind ×2
    2. Advanced Construction BotT2 con botfor Geo sea
    3. Wind ×4
    4. Advanced Metal ExtractorT2 mex ×2
    5. Wind
    6. Advanced Metal ExtractorT2 mex
    7. Wind
    8. Advanced Construction BotT2 con botfor Suicide front
    9. Wind
    10. ButlerButler
    11. Wind
    12. ButlerButler
    13. Wind ×3
    14. RattlesnakeRattlesnakedone 9:02 · typical 11:10
  5. 5

    Early defence to 15:00

    Economy
    • Wind Turbine133Wind
    • Energy Converter34Converter
    • Metal Storage1Metal storage
    Order
    1. Fusion ReactorFusion after 134 wind, 20 converter, 9 con turretin 50% of games
    Builders
    • Construction Turret7 Con turret
    • Butler3 Butler −3 vs standard
    • Advanced Construction Bot1 T2 con bot

    Some games also: fusion (50%) · T2 con bot for allies (47%) · Rattlesnake (37%) · T2 converter (33%) · anti-nuke (30%)

    By 15:00 in all: 4 mex · 196 wind · 43 converter · 1 energy storage · 1 metal storage · 10 con turret

    The example game in this phase · 102 steps
    1. Advanced Construction BotT2 con botfor Beach sea
    2. Wind ×2
    3. Advanced Construction BotT2 con botfor Pond
    4. Wind ×5
    5. ButlerButler
    6. Wind
    7. ButlerButler
    8. Wind
    9. ButlerButler
    10. Wind ×2
    11. ChainsawChainsaw
    12. Wind ×2
    13. ChainsawChainsaw
    14. Wind ×4
    15. Advanced Construction BotT2 con botfor Front
    16. Wind ×2
    17. Converter
    18. Wind ×4
    19. Converter ×2
    20. Wind ×2
    21. Converter
    22. ButlerButler
    23. Wind ×2
    24. Converter
    25. ButlerButler
    26. Wind ×2
    27. Converter
    28. Wind ×2
    29. ButlerButler
    30. Converter
    31. Con turret
    32. Wind ×2
    33. ButlerButler
    34. Wind ×2
    35. Con turret
    36. Wind ×3
    37. Converter ×2
    38. Wind ×2
    39. Converter
    40. Wind
    41. Converter
    42. Wind ×3
    43. Converter
    44. Wind
    45. Advanced Construction BotT2 con bot
    46. Wind ×10
    47. Metal storage
    48. Wind ×5
    49. T2 converter
    50. Wind ×22
    51. Con turret
    52. Wind ×9
    53. Con turret
    54. Wind ×6
    55. Con turret
    56. Wind ×3
    57. T2 converter
    58. Wind ×25
    59. Con turret
    60. Wind ×4
    61. Con turret
    62. Wind ×9
    63. Advanced Construction BotT2 con bot
    64. Wind ×4
    65. T2 converter
    66. Wind ×3
    67. Con turret
    68. Wind ×4
    69. Con turret
    70. Wind ×4
    71. Con turret
    72. Wind ×11
    73. CitadelAnti-nukenot finished by 15:00
    74. Wind ×18
    75. PlatypusPlatypus
    76. Wind ×3
    77. PlatypusPlatypus
    78. Wind ×2
    79. Con turret
    80. Wind
    81. PlatypusPlatypus
    82. Wind ×4
    83. PlatypusPlatypus
    84. Wind ×3
    85. PlatypusPlatypus
    86. Wind ×5
    87. PlatypusPlatypus
    88. Wind ×3
    89. Con turret
    90. PlatypusPlatypus
    91. Wind ×4
    92. PlatypusPlatypus
    93. Wind ×6
    94. PlatypusPlatypus
    95. Wind ×3
    96. Con turret
    97. Wind ×4
    98. PlatypusPlatypus
    99. Wind ×6
    100. PlatypusPlatypus
    101. ArbalestArbalest
    102. Wind ×24

Counts are medians over the build's games: half of them build more, half fewer. The example game is Adeus's (35 OS, 29/09/2026); pick another.

Team trades

IN AT LEAST 30% OF ITS GAMES

You hand over

  • Construction Bot1 Con bot to Airfirst at 2:24 · in 77% of games
  • Advanced Construction Bot5 T2 con bot to Air or Geo sea or Pondfirst at 5:00 · in 100% of games
  • Butler3 Butler to Beach sea or Geo sea or Geofirst at 8:05 · in 47% of games

You get

  • Hercules1–2 Light transport from Airfirst at 4:07 · in 80% of games

How it plays out

Typical game of this build against the role’s standard build, running totals by minute

  • This build
  • Standard tech

Metal produced

020k40k
0:005:0010:0015:00

metal

Enemy metal destroyed

05001k1.5k
0:005:0010:0015:00

metal

Own metal lost

0100200300
0:005:0010:0015:00

metal

30 games.

Show as table
ByMetal produced: This buildMetal produced: Standard techEnemy metal destroyed: This buildEnemy metal destroyed: Standard techOwn metal lost: This buildOwn metal lost: Standard tech
1:003833830000
2:009169150000
3:00159416430000
4:00315631510000
5:00498048660000
6:00600658080000
7:00752672300000
8:00933790700000
9:0011778112490000
10:0014251135760000
11:00170711641247000
12:002018119973153000
13:002435823775575000
14:0028130275495858899106
15:0033395316161053323160206
WHAT THE NUMBERS SAY

Team won less often than the standard build despite slightly higher enemy metal destroyed and lower own losses by 15:00.

  • + Enemy metal destroyed by 15:00 above standard (1055 vs 400).
  • + Own metal lost by 15:00 slightly below standard (225 vs 260).
  • − Team win rate below standard (43% vs 53%).
  • − Delays combat entirely: first kill and first loss both far later than tech norm (10:06/10:21).
THE EXAMPLE YOU ARE READING

Adeus

35.0 OS · 29/09/2026

Open source match ↗

3 received units
2577 metal received · 74883 energy received

Allied construction assistance is unknown. Timings are observations, not a promise of solo reproducibility.

Typical milestones

Bot Lab1:16Middle 50%: 1:09–1:24 · n=30
Advanced Bot Lab4:21Middle 50%: 4:07–4:33 · n=30
Advanced Metal Extractor5:16Middle 50%: 4:59–5:39 · n=30
Rattlesnake11:10Middle 50%: 9:51–11:57 · n=27

Played most by

GeeGee6games of this build[NWP]13474games of this buildRogShotz3games of this buildAmrissa2games of this buildDamsko2games of this build